 Dungeon Crawl Stone Soup version 0.32-a0-814-g0968bab981 (webtiles) character file.

Game seed: 169711405017316532

15157 gimp the Thaumaturge (level 12, -26/129 HPs)
             Began as a Barachi Earth Elementalist on Mar 22, 2024.
             Was a Priest of Vehumet.
             Annihilated by a death yak simulacrum (38 damage)
             ... in a Gauntlet.
             The game lasted 00:28:37 (11516 turns).

gimp the Thaumaturge (Barachi Earth Elementalist)  Turns: 11516, Time: 00:28:37

Health: -26/129    AC: 26    Str:  9    XL:     12   Next: 24%
Magic:  11/30      EV:  2    Int: 26    God:    Vehumet [***...]
Gold:   138        SH:  0    Dex: 14    Spells: 26/39 levels left

rFire   . . .        b - staff of earth
rCold   . . .        M - orb {*channel}
rNeg    . . .        i - melded +1 robe of the Final Places {rF+ rN+}
rPois   +            (helmet currently unavailable)
rElec   .            D - melded scarf {rC+ rF+}
rCorr   .            y - melded +1 pair of gloves
SInv    .            C - melded +1 pair of boots "Affaomeu" {rElec rC+ Regen+ Slay+2}
Will    .....        x - amulet of the acrobat
Stlth   ++           A - +6 ring of intelligence
HPRegen 0.41/turn    z - +5 ring of evasion
MPRegen 0.22/turn

%: no teleportation, acrobat, channel magic (20%)
@: tree-form, radiating poison, unable to hop
A: stationary, stasis, torment immunity, boosted hp, (amphibious), (slowness 1),
(strong legs 1), +LOS
a: Renounce Religion


You were in a Gauntlet.
You worshipped Vehumet.
Vehumet was most pleased with you.
You were a tree.
You visited 2 branches of the dungeon, and saw 12 of its levels.
You also visited: Sewer and Gauntlet.

You collected 547 gold pieces.
You spent 409 gold pieces at shops.

Inventory:

Hand Weapons
 a - a +0 dagger of venom
Missiles
 B - 2 throwing nets
Armour
 i - the +1 robe of the Final Places (melded) {rF+ rN+}
   (You bought it in a shop on level 3 of the Dungeon)

   rF+:       It protects you from fire.
   rN+:       It protects you from negative energy.
 y - a +1 pair of gloves (melded)
 C - the +1 pair of boots "Affaomeu" (melded) {rElec rC+ Regen+ Slay+2}
   (You bought it in a shop on level 3 of the Dungeon)

   Slay+2:    It affects your accuracy & damage with ranged weapons and melee
   (+2).
   rC+:       It protects you from cold.
   rElec:     It insulates you from electricity.
   Regen+:    It increases your rate of health regeneration.
 D - a scarf of resistance (melded)
 M - an orb of energy (worn)
 O - +0 steam dragon scales
 Q - a +0 cloak of stealth
Magical Staves
 b - a staff of earth (weapon)
 N - a staff of cold
Jewellery
 d - a ring of see invisible
 x - an amulet of the acrobat (around neck)
 z - a +5 ring of evasion (right branch)
 A - a +6 ring of intelligence (left branch)
 E - a ring of protection from cold
 P - a ring of fire
Wands
 n - a wand of digging (5)
 p - a wand of paralysis (13)
 v - a wand of mindburst (27)
 G - a wand of roots (20)
 H - a wand of acid (8)
Scrolls
 f - 2 scrolls of noise {unknown}
 h - 4 scrolls of fear
 j - 4 scrolls of revelation {unknown}
 m - 3 scrolls of poison {unknown}
 o - 2 scrolls of fog {unknown}
 s - 2 scrolls of vulnerability {unknown}
 t - a scroll of butterflies {unknown}
 w - 6 scrolls of teleportation {unknown}
 F - a scroll of enchant weapon
 J - a scroll of amnesia
 K - 3 scrolls of blinking {unknown}
Potions
 c - a potion of resistance
 e - 2 potions of haste {unknown}
 g - 2 potions of might
 k - 2 potions of heal wounds
 l - 3 potions of brilliance
 q - a potion of magic
 r - 3 potions of lignification
 u - 3 potions of attraction
 I - a potion of ambrosia
 L - 2 potions of curing


   Skills:
 - Level 5.0 Fighting
 - Level 2.1 Dodging
 - Level 1.7 Stealth
 + Level 14.2 Spellcasting
 - Level 6.0 Conjurations
 - Level 6.0 Earth Magic
 * Level 11.4 Alchemy


You had 26 spell levels left.
You knew the following spells:

 Your Spells              Type           Power      Damage    Failure   Level
a - Stone Arrow           Conj/Erth      100%       3d13      1%          3
b - Blink                 Tloc           36%        N/A       14%         2
c - Olgreb's Toxic Radia  Alch           67%        N/A       1%          4
d - Fulminant Prism       Conj/Alch      29%        3d13      1%          4

Your spell library contained the following spells:

 Spells                   Type           Power      Damage    Failure   Level
 Dazzling Flash           Conj/Hex       68%        N/A       2%          3
 Magic Dart               Conj           100%       1d8       1%          1
 Sandblast                Erth           100%       2d20      1%          1
 Sting                    Conj/Alch      100%       1d9       1%          1
 Mercury Vapours          Alch/Air       96%        N/A       1%          2
 Searing Ray              Conj           98%        2d8       1%          2
 Brom's Barrelling Bould  Conj/Erth      65%        2d8       2%          4
 Passwall                 Erth           65%        N/A       4%          3
 Petrify                  Alch/Erth      77%        N/A       4%          4
 Lee's Rapid Deconstruct  Erth           32%        3d17*     5%          5
 Apportation              Tloc           36%        N/A       11%         1
 Necrotise                Necr           72%        1d7       11%         1
 Summon Small Mammal      Summ           72%        N/A       11%         1
 Call Imp                 Summ           36%        N/A       14%         2
 Ensorcelled Hibernation  Hex/Ice        36%        N/A       14%         2
 Swiftness                Air            18%        N/A       22%         3
 Animate Armour           Summ/Erth      100%       N/A       22%         4
 Summon Lightning Spire   Summ/Air       18%        N/A       52%         4


Dungeon Overview and Level Annotations

Branches:
Dungeon (11/15)            Temple (1/1) D:4            Lair (0/5) D:9
  Sewer (visited)         Gauntlet (1/1)
    Orc: D:9-12

Altars:
Ashenzari
Cheibriados
Dithmenos
Elyvilon
Fedhas
Gozag
Hepliaklqana
Kikubaaqudgha
Makhleb
Nemelex Xobeh
Okawaru
Qazlal
Ru
Sif Muna
Trog
Uskayaw
Vehumet
Wu Jian
Xom
Yredelemnul
Zin
The Shining One

Shops:
D:3 [

Annotations:
D:2 Sigmund
D:5 4 runed translucent doors, exclusion: 4 doors, Crazy Yiuf; Xavori's ghost, novice DjCK Gauntlet 7 transporters


Innate Abilities, Weirdness & Mutations

You are a tree.
Your roots penetrate the ground, keeping you stationary.
You cannot be teleported.
You are immune to unholy pain and torment.
Your maximum health is greatly increased.
Your equipment is partially melded.
((You are amphibious.))
((You cover ground slowly.))
((You can hop short distances.))
You have an extended range of vision and can be seen from far away.


Message History

Your Alchemy skill increases to level 11!
Aiming: Fastroot
Press: ? - help, Shift-Dir - straight line, f/p - death yak
Aim: a death yak (heavily wounded, soul bound, extremely poisoned)
The roots erupt in riotous growth!
Roots grab the death yak. x2
The death yak looks as sick as possible! x2
The death yak is poisoned.
The grasping roots constrict the death yak.
The grasping roots constrict the death yak!
The death yak gores you!
* * * LOW HITPOINT WARNING * * *
You take 11 damage, and have 19/86 hp.
The death yak looks as sick as possible!
The death yak looks even sicker.
The grasping roots constrict the death yak.
The grasping roots constrict the death yak, but do no damage.
The death yak escapes!
The death yak attacks as it pursues you!
The death yak completely misses you.
The death yak escapes!
You regained 2 hp, and now have 21/86 hp.
You feel much better.
The death yak is poisoned.
The death yak misses you.
You regained 28 hp, and now have 49/86 hp.
Unknown command.
You turn into a tree.
Your scarf of resistance melds into your body.
Your +1 pair of gloves melds into your body.
The +1 pair of boots "Affaomeu" {rElec rC+ Regen+ Slay+2} melds into your body.
The +1 robe of the Final Places {rF+ rN+} melds into your body.
You feel hot and cold all over.
Your roots penetrate the ground.
The death yak looks as sick as possible!
The death yak looks even sicker.
The death yak gores you but does no damage.
The death yak gores you!!
You now have 56/129 hp.
Casting: Stone Arrow (mildly dangerous; 4% risk of failure)
Confirm with . or Enter, or press ? or * to list all spells.
Your toxic radiance grows in intensity.
The death yak looks even sicker.
The death yak looks as sick as possible! x2
The death yak looks even sicker.
The death yak looks as sick as possible! x2
The death yak gores you but does no damage. x2
You now have 13/30 mp.
Casting: Olgreb's Toxic Radiance (mildly dangerous; 2% risk of failure)
Confirm with . or Enter, or press ? or * to list all spells.
Your toxic radiance grows in intensity.
The death yak looks as sick as possible! x3
The death yak gores you. The death yak gores you!
You take 10 damage, and have 46/129 hp.
You now have 9/30 mp.
Casting: Olgreb's Toxic Radiance (mildly dangerous; 2% risk of failure)
Confirm with . or Enter, or press ? or * to list all spells.
Aiming: Stone Arrow (mildly dangerous; 4% risk of failure)
Press: ? - help, Shift-Dir - straight line, f - death yak, p - death yak
Aim: a death yak (almost dead, soul bound, extremely poisoned, 92% to hit)
You feel a surge of power!
The stone arrow hits the death yak!!
You kill the death yak!
Vehumet accepts your kill.
You feel your power returning.
A freezing mist starts to gather...
A death yak simulacrum comes into view.
The death yak looks as sick as possible!
You kill the death yak!
Vehumet accepts your kill.
Vehumet is now aiding your destructive spells.
You feel your power returning.
The death yak looks as sick as possible!
A freezing mist starts to gather...
A death yak simulacrum comes into view.
You regained 9 mp, and now have 18/30 mp.
Casting: Stone Arrow (safe; 1% risk of failure)
Confirm with . or Enter, or press ? or * to list all spells.
Aiming: Stone Arrow (safe; 1% risk of failure)
Press: ? - help, Shift-Dir - straight line, f - death yak simulacrum
Aim: a death yak simulacrum (100% to hit)
You feel a surge of power!
The stone arrow hits the death yak simulacrum!!
The death yak simulacrum is severely damaged.
The death yak looks as sick as possible! x2
You now have 15/30 mp.
Casting: Stone Arrow (safe; 1% risk of failure)
Confirm with . or Enter, or press ? or * to list all spells.
Okay, then.
Casting: Stone Arrow (safe; 1% risk of failure)
Confirm with . or Enter, or press ? or * to list all spells.
You don't know that spell.
Okay, then.
Casting: Stone Arrow (safe; 1% risk of failure)
Confirm with . or Enter, or press ? or * to list all spells.
Aiming: Fulminant Prism (mildly dangerous; 1% risk of failure)
Press: ? - help, Dir - move target, p - death yak simulacrum You conjure a prism of explosive energy!
A fulminant prism comes into view.
The death yak looks as sick as possible! x2
The death yak simulacrum gores you but does no damage.
The death yak simulacrum gores you. The death yak simulacrum freezes you!!
* * * LOW HITPOINT WARNING * * *
You take 38 damage, and have 9/129 hp.
MASSIVE DAMAGE!!
You now have 11/30 mp.
You feel much better. The death yak simulacrum gores you!
* * * LOW HITPOINT WARNING * * *
The death yak simulacrum freezes you!!!
You die...

### ### ### ### ### #ß# #ß#
#ß# #ß# #ß#
#####################
#≈...................
###....................
#ß#..###########...####
###..#♣######..#.ß.#...
#..#ZZ...#.###...#.#.
#####..#Y###...#######..#
#≈ß≈#..#Y##.###..#...#..#
#...#..#*...##.###©.©#©.#
#.ß.#..#(##..©.###...#..#
.##...#..#.##.##...#####..#
....ß.#..#....##.###...#.#.
.##...#..#.##....###...#...


You could see 2 death yaks, 2 death yak simulacra and a friendly fulminant
prism.

Vanquished Creatures
  2 death yaks (Gauntlet)
  2 two-headed ogres
  A hell hog (Gauntlet)
  Pikel (D:9)
  A necromancer (Gauntlet)
  A manticore (D:11)
  Joseph (D:7)
  Jeremiah (D:7)
  2 unseen horrors
  Psyche (D:9)
  A troll (D:10)
  Prince Ribbit (D:8)
  Grinder (D:5)
  22 yaks
  3 wyverns (D:9)
  3 fire bats (Gauntlet)
  3 shadows
  A wraith (D:9)
  A basilisk (D:9)
  A steam dragon (D:8)
  2 vampire mosquitoes (D:10)
  Edmund (D:4)
  An acid dragon (D:8)
  3 hell hounds (Gauntlet)
  5 water moccasins
  An orc warrior (D:9)
  3 black bears
  4 ogres
  2 wolves (D:9)
  A phantom (D:6)
  3 lemures (D:9)
  A kobold brigand (D:8)
  2 bullfrogs (D:8)
  Blork the orc (D:5)
  2 gnoll sergeants
  3 scorpions
  A howler monkey (D:7)
  5 bombardier beetles
  7 hounds
  5 orc priests
  2 jellies
  2 sleepcaps
  Jessica (D:2)
  4 iguanas
  Terence (D:3)
  7 orc wizards
  A hell rat (Sewer)
  11 gnolls
  A river rat (Sewer)
  7 adders
  3 shadow imps
  3 white imps (D:7)
  6 ufetubi
  4 dart slugs
  A ribbon worm (D:3)
  17 orcs
  6 ball pythons
  6 bats
  3 endoplasms (D:2)
  A giant cockroach (D:3)
  5 hobgoblins
  7 jackals
  4 quokkas
  3 frilled lizards
  4 goblins
  11 kobolds
  8 rats
232 creatures vanquished.

Vanquished Creatures (others)
  A hobgoblin (D:3)
  A fulminant prism (Gauntlet)
2 creatures vanquished.

Grand Total: 234 creatures vanquished

Notes
Turn   | Place    | Note
-------+----------+-------------------------------------------
     0 | D:1      | gimp the Barachi Earth Elementalist began the quest for the
                  | Orb.
     0 | D:1      | Reached XP level 1. HP: 13/13 MP: 3/3
   188 | D:1      | Reached XP level 2. HP: 19/19 MP: 3/5
   662 | D:2      | Noticed Sigmund
   696 | D:2      | Reached XP level 3. HP: 16/24 MP: 1/6
   761 | D:2      | Learned a level 3 spell: Stone Arrow
   781 | D:2      | Noticed Jessica
   788 | D:2      | Killed Jessica
   892 | D:2      | Reached XP level 4. HP: 30/30 MP: 5/8
   919 | D:2      | Found a faded altar of an unknown god.
  1456 | D:2      | Reached skill level 3 in Spellcasting
  1569 | D:3      | Found a shadowy altar of Dithmenos.
  1570 | D:3      | Noticed Terence
  1591 | D:3      | Found Oduxa's Antique Armour Emporium.
  1649 | D:3      | Killed Terence
  1650 | D:3      | Reached XP level 5. HP: 15/35 MP: 0/9
  1673 | D:3      | Found a shimmering blue altar of Sif Muna.
  1673 | D:3      | Found a shimmering altar of Xom.
  1813 | D:3      | Found a glowing drain.
  1833 | Sewer    | Entered a sewer
  2020 | Sewer    | Learned a level 4 spell: Olgreb's Toxic Radiance
  2214 | D:4      | Noticed an ogre
  2228 | D:4      | Reached XP level 6. HP: 41/41 MP: 7/11
  2295 | D:4      | Reached skill level 5 in Conjurations
  2621 | D:4      | Noticed Edmund
  2630 | D:4      | Killed Edmund
  2631 | D:4      | Reached skill level 4 in Spellcasting
  2631 | D:4      | Reached XP level 7. HP: 37/46 MP: 0/13
  2779 | D:4      | Found a sparkling altar of Nemelex Xobeh.
  2900 | D:4      | Found a staircase to the Ecumenical Temple.
  2912 | Temple   | Entered the Ecumenical Temple
  3168 | D:4      | Reached skill level 5 in Earth Magic
  3738 | D:5      | Entered Level 5 of the Dungeon
  3825 | D:5      | Found a runed translucent gate.
  3825 | D:5      | Found a runed translucent gate.
  3825 | D:5      | Found a runed translucent gate.
  3827 | D:5      | Noticed Xavori's ghost (novice DjCK)
  3951 | D:5      | Noticed Blork the orc
  3956 | D:5      | Reached skill level 5 in Spellcasting
  3959 | D:5      | Killed Blork the orc
  3960 | D:5      | Reached XP level 8. HP: 52/52 MP: 3/16
  4430 | D:5      | Noticed Grinder
  4433 | D:5      | Killed Grinder
  4434 | D:5      | Reached skill level 6 in Spellcasting
  4621 | D:5      | Found a runed translucent door.
  4622 | D:5      | Noticed Crazy Yiuf
  4874 | D:5      | Reached skill level 7 in Spellcasting
  5162 | D:3      | Bought a pair of buzzing boots for 256 gold pieces
  5162 | D:3      | Identified the +1 pair of boots "Affaomeu" {rElec rC+
                  | Regen+ Slay+2} (You bought it in a shop on level 3 of the
                  | Dungeon)
  5304 | D:6      | Reached skill level 8 in Spellcasting
  5429 | D:6      | Reached XP level 9. HP: 57/57 MP: 14/21
  5519 | D:6      | Reached skill level 9 in Spellcasting
  6114 | D:7      | Noticed Joseph
  6131 | D:7      | Killed Joseph
  6132 | D:7      | Reached skill level 10 in Spellcasting
  6603 | D:7      | Noticed Jeremiah
  6621 | D:7      | Killed Jeremiah
  6622 | D:7      | Reached skill level 11 in Spellcasting
  7194 | D:8      | Found an iron altar of Okawaru.
  7197 | D:8      | Found a broken altar of Ashenzari.
  7200 | D:8      | Found a radiant altar of Vehumet.
  7204 | D:8      | Became a worshipper of Vehumet
  7316 | D:8      | Reached XP level 10. HP: 63/63 MP: 21/25
  7318 | D:8      | Noticed Prince Ribbit
  7327 | D:8      | Killed Prince Ribbit
  7328 | D:8      | Reached skill level 12 in Spellcasting
  8110 | D:3      | Bought a shimmering robe for 153 gold pieces
  8110 | D:3      | Identified the +1 robe of the Final Places {rF+ rN+} (You
                  | bought it in a shop on level 3 of the Dungeon)
  8222 | D:9      | Reached skill level 1 in Alchemy
  8228 | D:8      | Reached skill level 1 in Fighting
  8592 | D:9      | Noticed Pikel
  8674 | D:9      | Noticed Psyche
  8678 | D:8      | Reached * piety under Vehumet
  8678 | D:8      | Offered knowledge of Freeze by Vehumet.
  8878 | D:9      | Killed Pikel
  8879 | D:9      | Reached skill level 5 in Alchemy
  8997 | D:9      | Noticed a two-headed ogre
  9000 | D:9      | Killed a two-headed ogre
  9027 | D:9      | Reached XP level 11. HP: 78/78 MP: 19/27
  9067 | D:9      | Killed Psyche
  9097 | D:9      | Reached skill level 13 in Spellcasting
  9152 | D:9      | Reached skill level 5 in Fighting
  9381 | D:9      | Found a staircase to the Lair.
  9915 | D:10     | Entered Level 10 of the Dungeon
  9953 | D:10     | Noticed a two-headed ogre
  9957 | D:10     | Killed a two-headed ogre
  9957 | D:10     | Offered knowledge of Momentum Strike by Vehumet.
 10145 | D:10     | Reached ** piety under Vehumet
 11081 | D:11     | Noticed a manticore
 11088 | D:11     | Killed a manticore
 11089 | D:11     | Reached skill level 10 in Alchemy
 11100 | D:11     | Found a gate leading to a gauntlet.
 11110 | Gauntlet | Entered a Gauntlet
 11110 | Gauntlet | Found a transporter.
 11110 | Gauntlet | Found a transporter.
 11113 | Gauntlet | Found a transporter.
 11113 | Gauntlet | Found a transporter.
 11115 | Gauntlet | Found a transporter.
 11115 | Gauntlet | Noticed a cyan ugly thing
 11118 | Gauntlet | Noticed a brown ugly thing
 11119 | Gauntlet | Noticed a hell hog
 11122 | Gauntlet | Noticed a glowing orange brain
 11122 | Gauntlet | Noticed a glowing orange brain
 11128 | Gauntlet | Found the +3 pair of gauntlets of War {Slay+5}
 11129 | Gauntlet | Found a transporter.
 11131 | Gauntlet | Found a transporter.
 11132 | Gauntlet | Found a transporter.
 11132 | Gauntlet | Found a transporter.
 11138 | Gauntlet | Noticed a death yak
 11139 | Gauntlet | Noticed a death yak
 11140 | Gauntlet | Noticed a death yak
 11142 | Gauntlet | Noticed a moth of wrath
 11143 | Gauntlet | Found the ring of Shadows {Umbra +Inv Stlth+}
 11144 | Gauntlet | Found a transporter.
 11144 | Gauntlet | Found a transporter.
 11145 | Gauntlet | Noticed a necromancer
 11146 | Gauntlet | Noticed a death yak
 11230 | Gauntlet | Found a transporter.
 11309 | Gauntlet | Learned a level 2 spell: Blink
 11338 | Gauntlet | Learned a level 4 spell: Fulminant Prism
 11340 | Gauntlet | Offered knowledge of Dazzling Flash by Vehumet.
 11399 | Gauntlet | Killed a hell hog
 11400 | Gauntlet | Reached skill level 14 in Spellcasting
 11400 | Gauntlet | Reached XP level 12. HP: 51/86 MP: 12/30
 11513 | Gauntlet | Killed a death yak
 11513 | Gauntlet | Killed a death yak
 11513 | Gauntlet | Reached *** piety under Vehumet
 11516 | Gauntlet | Annihilated by a death yak simulacrum

Illustrated notes

Levels and vault maps discovered:
D:1:      wander_arrival_estate, layout_rooms, minmay_misc_feat_x
D:2:      layout_basic, shapermc_ecumenical_altar_mp_urbaneastern, uniq_sigmund,
          uniq_jessica
D:3:      layout_rooms, grunt_temple_overflow_open, serial_shops, shop,
          portal_sewer_entry_b, lemuel_flame_loot_1, uniq_terence
D:4:      layout_basic, nemelex_spade_bored_becter, minmay_temple_entry_tees,
          uniq_edmund
D:5:      layout_rooms, serial_corexii_hall, corexii_hall_statues_deadend,
          chequers_hall_statues_y, chequers_hall_statues_corner_a,
          corexii_hall_statues_x, gammafunk_ghost_split,
          nicolae_concentric_dashed_squares_wild, st_stairs_4,
          cheibrodos_gnoll_hut, uniq_crazy_yiuf_cottage, uniq_blork_the_orc,
          uniq_grinder
D:6:      layout_rooms
D:7:      layout_loops_ring, uniq_jeremiah, uniq_joseph
D:8:      layout_basic, grunt_temple_overflow_diamond, uniq_prince_ribbit1
D:9:      layout_gridville, minmay_lair_entry_grove, minmay_stone_trees_small,
          uniq_pikel, uniq_psyche
D:10:     layout_stronghold, serial_column_ruins, column_ruins_grid_1,
          column_ruins_grid_1, column_ruins_corridor_plus, column_ruins_grid_1,
          column_ruins_open_tiny_water, column_ruins_open_small,
          column_ruins_columns_straight
D:11:     layout_roguey, gauntlet_entry_generic
Temple:   nicolae_temple_superstar
Gauntlet: gammafunk_gauntlet_hard_choice [gammafunk_gauntlet_arena_spirals,
          gammafunk_gauntlet_arena_chambers, gammafunk_gauntlet_arena_hedges,
          nicolae_gauntlet_arena_blocks, gammafunk_gauntlet_arena_grid,
          gammafunk_gauntlet_arena_crates, gauntlet_exit_watery]

Skill      XL: |  1  2  3  4  5  6  7  8  9 10 11 12 |
---------------+-------------------------------------+-----
Conjurations   | 2 3 4 5 6 |  6.0
Spellcasting   | 3 4 5 8 11 12 14 | 14.2
Earth Magic    | 4 5 6 |  6.0
Alchemy        | 5 10 11 | 11.4
Fighting       | 4 5 |  5.0
Dodging        | |  2.1
Stealth        | |  1.7

Action                     |  1- 3 |  4- 6 |  7- 9 | 10-12 || total
---------------------------+-------+-------+-------+-------++-------
  Melee: Unarmed           |     1 |       |       |       ||     1
         Dagger            |       |     8 |       |       ||     8
         Staff             |       |       |     1 |     8 ||     9
   Cast: Sandblast         |    35 |    57 |    26 |       ||   118
         Stone Arrow       |       |    14 |    94 |   141 ||   249
         Olgreb's Toxic Ra |       |       |       |    34 ||    34
         Fulminant Prism   |       |       |       |     2 ||     2
Ability: Hop               |       |     2 |     1 |     6 ||     9
  Evoke: Wand              |       |       |       |     1 ||     1
    Use: Potion            |       |       |     1 |     3 ||     4
         Scroll            |       |       |       |    12 ||    12
 Armour: Robe              |    12 |    19 |    47 |    77 ||   155
         Skin              |       |       |       |     9 ||     9
  Dodge: Dodged            |     7 |    24 |    45 |    82 ||   158

Table legend: (Time is in decaauts)
 A = Elapsed time spent in this place.
 B = Non-inter-level travel time spent in this place.
 C = Inter-level travel time spent in this place.
 D = Time resting spent in this place.
 E = Time spent auto-exploring this place.
 F = Levels seen in this place.
 G = Mean time per level.
                   A        B        C        D        E       F      G
               +--------+--------+--------+--------+--------+-----+--------+
         Total |  12907 |  12181 |    726 |    167 |   9781 |  14 |  921.9 |
       Dungeon |  12066 |  11340 |    726 |     81 |   9387 |  11 | 1096.9 |
        Temple |    175 |    175 |      0 |     86 |     84 |   1 |  175.0 |
         Sewer |    209 |    209 |      0 |      0 |    166 |   1 |  209.0 |
      Gauntlet |    455 |    455 |      0 |      0 |    143 |   1 |  455.0 |
               +--------+--------+--------+--------+--------+-----+--------+

Top non-repeatable levels by time:
     D:8: 1805 daAuts
     D:5: 1598 daAuts
     D:4: 1551 daAuts
     D:9: 1411 daAuts
     D:2: 1139 daAuts
    D:10: 1092 daAuts
     D:7: 1083 daAuts
     D:6: 895 daAuts
     D:1: 638 daAuts
     D:3: 586 daAuts
Gauntlet: 455 daAuts
    D:11: 263 daAuts
   Sewer: 209 daAuts
  Temple: 175 daAuts
